[ AOE2 MATCH · #461990506 ]
Team RMPersians vs Franks
[ REPLAY ANALYSIS · EXTRACTED FROM THE RECORDED GAME ]
Feudal
13:45
Castle
—
Imperial
—
| APM avg | 23.8 |
| APM peak | 45 |
| eAPM avg | 14.4 |
| Villagers / military | 62 / 13 |
Focus
⚔️ 15.2% · 🌾 84.8%
Scout Cavalry ×13
Feudal
—
Castle
—
Imperial
—
| APM avg | 0.6 |
| APM peak | 17 |
| eAPM avg | 0.1 |
| Villagers / military | 0 / 0 |
Feudal
—
Castle
—
Imperial
—
| APM avg | 0.1 |
| APM peak | 3 |
| eAPM avg | 0.1 |
| Villagers / military | 0 / 0 |
Feudal
—
Castle
—
Imperial
—
| APM avg | 0.1 |
| APM peak | 3 |
| eAPM avg | 0.1 |
| Villagers / military | 0 / 0 |
Feudal
17:33
Castle
22:08
Imperial
—
| APM avg | 8.4 |
| APM peak | 18 |
| eAPM avg | 5.9 |
| Villagers / military | 28 / 12 |
Focus
⚔️ 17.9% · 🌾 82.1%
Cavalry Archer ×5 · Camel Scout ×4 · Scout Cavalry ×3
Feudal
—
Castle
—
Imperial
—
| APM avg | 0.1 |
| APM peak | 3 |
| eAPM avg | 0.1 |
| Villagers / military | 0 / 0 |
Feudal
17:02
Castle
20:59
Imperial
—
| APM avg | 22.9 |
| APM peak | 64 |
| eAPM avg | 11.9 |
| Villagers / military | 83 / 7 |
Focus
⚔️ 6.8% · 🌾 93.2%
Knight ×5 · Monk ×2
Feudal
—
Castle
—
Imperial
—
| APM avg | 0.3 |
| APM peak | 9 |
| eAPM avg | 0.3 |
| Villagers / military | 0 / 0 |
Match map
Resources at game start + every placement click. Thick line = wall · dashed box = detected house wall. 🟡 gold · ⚪ stone · 🟢 berries · 🔶 boar · ⭕ relic
Inputs per minute
— Darob - - oscabar85
Build order — Darob
129 actions detected in the replay
| 0:57 | Build | Town Center |
| 3:29 | Build | House |
| 3:30 | Build | House |
| 3:34 | Create | Villager (Male) |
| 3:34 | Create | Villager (Male) |
| 3:35 | Create | Villager (Male) |
| 3:35 | Create | Villager (Male) |
| 3:35 | Create | Villager (Male) |
| 4:07 | Build | House |
| 4:32 | Build | House |
| 5:03 | Build | House |
| 5:09 | Create | Villager (Male) |
| 5:10 | Create | Villager (Male) |
| 5:11 | Research | Loom |
| 5:37 | Create | Villager (Male) |
| 5:37 | Create | Villager (Male) |
| 6:00 | Create | Villager (Male) |
| 6:00 | Create | Villager (Male) |
| 6:20 | Build | Lumber Camp |
| 6:30 | Create | Villager (Male) |
| 6:30 | Create | Villager (Male) |
| 6:30 | Create | Villager (Male) |
| 7:09 | Create | Villager (Male) |
| 7:09 | Create | Villager (Male) |
| 7:09 | Create | Villager (Male) |
| 7:10 | Create | Villager (Male) |
| 7:37 | Create | Villager (Male) |
| 7:38 | Create | Villager (Male) |
| 7:49 | Create | Villager (Male) |
| 7:49 | Create | Villager (Male) |
| 8:02 | Create | Villager (Male) |
| 8:03 | Create | Villager (Male) |
| 8:25 | Create | Villager (Male) |
| 8:25 | Create | Villager (Male) |
| 8:32 | Build | Mill |
| 9:01 | Create | Villager (Male) |
| 10:24 | Create | Villager (Male) |
| 10:24 | Create | Villager (Male) |
| 10:24 | Create | Villager (Male) |
| 11:42 | Research | Feudal Age |
| 11:42 | Research | Feudal Age |
| 11:42 | Research | Feudal Age |
| 12:16 | Create | Villager (Male) |
| 12:31 | Build | Mill |
| 13:45 | Age | Feudal Age |
| 14:14 | Build | Barracks |
| 14:17 | Create | Villager (Male) |
| 14:17 | Create | Villager (Male) |
| 14:18 | Create | Villager (Male) |
| 14:18 | Create | Villager (Male) |
| 14:18 | Create | Villager (Male) |
| 14:18 | Create | Villager (Male) |
| 14:28 | Build | Mining Camp |
| 14:33 | Create | Villager (Male) |
| 14:48 | Build | Blacksmith |
| 15:11 | Build | House |
| 15:12 | Build | House |
| 15:13 | Build | House |
| 15:19 | Research | Town Watch |
| 15:19 | Create | Villager (Male) |
| 15:20 | Create | Villager (Male) |
| 15:20 | Create | Villager (Male) |
| 15:20 | Create | Villager (Male) |
| 15:52 | Create | Villager (Male) |
| 15:52 | Create | Villager (Male) |
| 15:58 | Research | Wheelbarrow |
| 16:04 | Build | House |
| 16:32 | Build | House |
| 16:55 | Build | Stable |
| 17:16 | Research | Scale Barding Armor |
| 17:48 | Create | Villager (Male) |
| 17:48 | Create | Villager (Male) |
| 17:53 | Create | Scout Cavalry |
| 17:53 | Create | Scout Cavalry |
| 18:08 | Build | Stable |
| 18:13 | Create | Villager (Male) |
| 18:44 | Create | Villager (Male) |
| 18:55 | Build | Farm |
| 18:56 | Build | Farm |
| 18:58 | Build | Farm |
| 19:00 | Build | Farm |
| 19:02 | Research | Horse Collar |
| 19:02 | Research | Horse Collar |
| 19:24 | Research | Bloodlines |
| 19:26 | Create | Scout Cavalry |
| 19:26 | Create | Scout Cavalry |
| 19:26 | Create | Scout Cavalry |
| 19:27 | Create | Scout Cavalry |
| 19:43 | Build | Farm |
| 19:46 | Build | Farm |
| 19:47 | Create | Villager (Male) |
| 19:47 | Create | Villager (Male) |
| 19:51 | Build | Farm |
| 20:18 | Create | Villager (Male) |
| 20:18 | Create | Villager (Male) |
| 20:29 | Build | Lumber Camp |
| 20:31 | Build | Farm |
| 20:35 | Build | Farm |
| 20:46 | Create | Scout Cavalry |
| 20:46 | Create | Scout Cavalry |
| 20:47 | Create | Scout Cavalry |
| 21:25 | Create | Scout Cavalry |
| 21:25 | Create | Scout Cavalry |
| 21:26 | Create | Scout Cavalry |
| 21:26 | Create | Scout Cavalry |
| 21:35 | Research | Forging |
| 23:32 | Create | Villager (Male) |
| 23:32 | Create | Villager (Male) |
| 23:32 | Create | Villager (Male) |
| 23:32 | Create | Villager (Male) |
| 23:33 | Create | Villager (Male) |
| 23:33 | Create | Villager (Male) |
| 23:33 | Create | Villager (Male) |
| 23:39 | Build | Farm |
| 23:41 | Build | Farm |
| 23:44 | Build | Farm |
| 23:46 | Build | Farm |
| 23:47 | Create | Villager (Male) |
| 23:48 | Create | Villager (Male) |
| 23:50 | Build | Farm |
| 23:52 | Build | Farm |
| 23:55 | Build | Farm |
| 25:17 | Build | Market |
| 25:20 | Create | Villager (Male) |
| 25:33 | Research | Castle Age |
| 25:33 | Research | Castle Age |
| 25:49 | Build | Mining Camp |
| 26:00 | Research | Stone Mining |
| 26:00 | Research | Gold Mining |
Build order — oscabar85
0 actions detected in the replay
Build order — Executioner's Bong
0 actions detected in the replay
Build order — Paladins Best Game!
0 actions detected in the replay
Build order — Sanchi
76 actions detected in the replay
| 1:13 | Build | Town Center |
| 2:37 | Build | Mill |
| 3:18 | Create | Villager (Male) |
| 3:19 | Create | Villager (Male) |
| 3:19 | Create | Villager (Male) |
| 3:41 | Build | House |
| 3:43 | Build | House |
| 3:52 | Create | Villager (Male) |
| 5:20 | Research | Loom |
| 5:23 | Create | Villager (Male) |
| 6:06 | Create | Villager (Male) |
| 6:07 | Create | Villager (Male) |
| 6:36 | Build | House |
| 6:40 | Create | Villager (Male) |
| 6:41 | Create | Villager (Male) |
| 7:08 | Build | House |
| 7:13 | Build | House |
| 7:52 | Create | Villager (Male) |
| 7:53 | Create | Villager (Male) |
| 8:22 | Create | Villager (Male) |
| 9:08 | Create | Villager (Male) |
| 9:42 | Create | Villager (Male) |
| 10:16 | Create | Villager (Male) |
| 10:17 | Create | Villager (Male) |
| 10:48 | Build | Farm |
| 11:10 | Build | Farm |
| 11:24 | Research | Loom |
| 11:42 | Build | Farm |
| 11:44 | Build | Farm |
| 11:47 | Build | Farm |
| 11:51 | Build | Farm |
| 11:59 | Build | Farm |
| 12:00 | Build | Farm |
| 12:01 | Build | Farm |
| 12:03 | Build | Farm |
| 12:10 | Create | Villager (Male) |
| 12:10 | Create | Villager (Male) |
| 12:21 | Create | Villager (Male) |
| 12:51 | Build | Barracks |
| 13:15 | Create | Villager (Male) |
| 13:45 | Create | Villager (Male) |
| 14:16 | Build | Mining Camp |
| 14:20 | Build | Farm |
| 14:21 | Create | Villager (Male) |
| 14:27 | Create | Villager (Male) |
| 14:52 | Build | Farm |
| 15:23 | Research | Feudal Age |
| 16:30 | Create | Villager (Male) |
| 16:30 | Create | Villager (Male) |
| 17:33 | Age | Feudal Age |
| 17:42 | Build | Stable |
| 17:47 | Build | Archery Range |
| 18:29 | Build | House |
| 19:28 | Research | Castle Age |
| 19:35 | Build | House |
| 19:37 | Build | House |
| 19:57 | Create | Scout Cavalry |
| 20:12 | Research | Horse Collar |
| 21:11 | Build | Lumber Camp |
| 21:43 | Build | Farm |
| 22:01 | Create | Scout Cavalry |
| 22:01 | Create | Scout Cavalry |
| 22:08 | Age | Castle Age |
| 22:23 | Create | Cavalry Archer |
| 22:24 | Create | Cavalry Archer |
| 23:33 | Create | Camel Scout |
| 23:34 | Create | Camel Scout |
| 23:51 | Build | Stable |
| 24:17 | Create | Cavalry Archer |
| 24:20 | Create | Cavalry Archer |
| 24:59 | Create | Camel Scout |
| 24:59 | Create | Camel Scout |
| 25:21 | Create | Villager (Male) |
| 25:21 | Create | Villager (Male) |
| 25:22 | Create | Villager (Male) |
| 25:28 | Create | Cavalry Archer |
Build order — 來一杯玫瑰舒暢
0 actions detected in the replay
Build order — 噜噜啊噜噜噜噜噜
148 actions detected in the replay
| 1:11 | Build | Town Center |
| 2:31 | Build | House |
| 2:34 | Build | House |
| 2:36 | Build | House |
| 3:32 | Create | Villager (Male) |
| 3:33 | Create | Villager (Male) |
| 3:33 | Create | Villager (Male) |
| 3:33 | Create | Villager (Male) |
| 3:58 | Build | House |
| 4:01 | Build | House |
| 4:46 | Build | House |
| 4:48 | Build | House |
| 4:57 | Create | Villager (Male) |
| 4:57 | Create | Villager (Male) |
| 4:57 | Create | Villager (Male) |
| 4:58 | Create | Villager (Male) |
| 5:29 | Research | Loom |
| 5:37 | Build | House |
| 5:40 | Create | Villager (Male) |
| 5:40 | Create | Villager (Male) |
| 5:41 | Create | Villager (Male) |
| 6:09 | Create | Villager (Male) |
| 6:09 | Create | Villager (Male) |
| 6:09 | Create | Villager (Male) |
| 6:40 | Create | Villager (Male) |
| 6:41 | Create | Villager (Male) |
| 6:41 | Create | Villager (Male) |
| 6:57 | Create | Villager (Male) |
| 6:57 | Create | Villager (Male) |
| 7:38 | Create | Villager (Male) |
| 7:38 | Create | Villager (Male) |
| 7:38 | Create | Villager (Male) |
| 7:38 | Create | Villager (Male) |
| 8:10 | Create | Villager (Male) |
| 8:10 | Create | Villager (Male) |
| 8:11 | Create | Villager (Male) |
| 8:11 | Create | Villager (Male) |
| 8:11 | Create | Villager (Male) |
| 8:11 | Create | Villager (Male) |
| 8:12 | Create | Villager (Male) |
| 8:12 | Create | Villager (Male) |
| 8:12 | Create | Villager (Male) |
| 9:02 | Create | Villager (Male) |
| 9:02 | Create | Villager (Male) |
| 9:03 | Create | Villager (Male) |
| 9:03 | Create | Villager (Male) |
| 9:28 | Create | Villager (Male) |
| 9:29 | Create | Villager (Male) |
| 9:29 | Create | Villager (Male) |
| 9:35 | Build | Mill |
| 9:37 | Create | Villager (Male) |
| 9:37 | Create | Villager (Male) |
| 9:37 | Create | Villager (Male) |
| 9:42 | Create | Villager (Male) |
| 9:42 | Create | Villager (Male) |
| 9:42 | Create | Villager (Male) |
| 9:49 | Create | Villager (Male) |
| 9:50 | Create | Villager (Male) |
| 10:45 | Create | Villager (Male) |
| 10:45 | Create | Villager (Male) |
| 10:45 | Create | Villager (Male) |
| 10:46 | Create | Villager (Male) |
| 11:00 | Create | Villager (Male) |
| 11:00 | Create | Villager (Male) |
| 11:01 | Create | Villager (Male) |
| 11:01 | Create | Villager (Male) |
| 11:21 | Create | Villager (Male) |
| 11:21 | Create | Villager (Male) |
| 11:22 | Create | Villager (Male) |
| 11:55 | Create | Villager (Male) |
| 12:29 | Build | Farm |
| 12:30 | Build | Farm |
| 12:33 | Build | Farm |
| 13:27 | Create | Villager (Male) |
| 13:27 | Create | Villager (Male) |
| 13:49 | Build | Mining Camp |
| 14:04 | Create | Villager (Male) |
| 14:28 | Research | Feudal Age |
| 14:35 | Build | Lumber Camp |
| 15:34 | Build | House |
| 15:37 | Build | House |
| 15:39 | Build | House |
| 16:52 | Build | Mill |
| 17:02 | Age | Feudal Age |
| 17:04 | Research | Wheelbarrow |
| 17:04 | Research | Wheelbarrow |
| 17:04 | Research | Wheelbarrow |
| 17:08 | Build | Blacksmith |
| 17:12 | Build | Market |
| 17:30 | Research | Double-Bit Axe |
| 17:48 | Research | Gold Mining |
| 18:12 | Research | Castle Age |
| 18:17 | Research | Stone Mining |
| 18:41 | Research | Town Watch |
| 18:45 | Research | Forging |
| 18:47 | Research | Scale Barding Armor |
| 19:07 | Build | House |
| 19:13 | Build | House |
| 19:16 | Build | House |
| 19:18 | Build | House |
| 19:58 | Build | Lumber Camp |
| 20:59 | Age | Castle Age |
| 21:08 | Build | Town Center |
| 21:13 | Create | Villager (Male) |
| 21:13 | Create | Villager (Male) |
| 21:55 | Create | Villager (Male) |
| 21:55 | Create | Villager (Male) |
| 22:24 | Research | Bow Saw |
| 22:27 | Research | Gold Shaft Mining |
| 22:33 | Create | Villager (Male) |
| 22:34 | Create | Villager (Male) |
| 22:34 | Create | Villager (Male) |
| 22:48 | Create | Villager (Male) |
| 22:49 | Create | Villager (Male) |
| 23:44 | Build | Town Center |
| 23:46 | Create | Villager (Male) |
| 23:48 | Research | Hand Cart |
| 23:50 | Create | Villager (Male) |
| 23:50 | Create | Villager (Male) |
| 23:51 | Create | Villager (Male) |
| 23:52 | Create | Villager (Male) |
| 24:07 | Build | Barracks |
| 24:28 | Build | Farm |
| 24:29 | Build | Farm |
| 24:46 | Create | Villager (Male) |
| 24:52 | Build | Stable |
| 24:58 | Create | Villager (Male) |
| 25:09 | Build | Monastery |
| 25:11 | Create | Villager (Male) |
| 25:14 | Create | Villager (Male) |
| 25:31 | Create | Knight |
| 25:31 | Create | Knight |
| 25:31 | Create | Knight |
| 25:32 | Create | Knight |
| 25:32 | Create | Knight |
| 25:36 | Create | Villager (Male) |
| 25:37 | Create | Villager (Male) |
| 25:37 | Create | Villager (Male) |
| 25:42 | Build | Farm |
| 25:43 | Build | Farm |
| 25:44 | Build | Farm |
| 25:47 | Build | Farm |
| 25:56 | Build | Farm |
| 25:57 | Build | Farm |
| 25:59 | Build | Farm |
| 26:04 | Create | Monk |
| 26:04 | Create | Monk |
| 26:13 | Build | Farm |
Build order — 大地
0 actions detected in the replay
Match timeline
| 0:01 | 大地 · resign |
| 12:51 | Sanchi · first_building Barracks |
| 13:45 | Darob · age_up feudal |
| 14:14 | Darob · first_building Barracks |
| 16:55 | Darob · first_building Stable |
| 17:02 | 噜噜啊噜噜噜噜噜 · age_up feudal |
| 17:33 | Sanchi · age_up feudal |
| 17:42 | Sanchi · first_building Stable |
| 17:47 | Sanchi · first_building Archery Range |
| 20:59 | 噜噜啊噜噜噜噜噜 · age_up castle |
| 22:08 | Sanchi · age_up castle |
| 24:07 | 噜噜啊噜噜噜噜噜 · first_building Barracks |
| 24:52 | 噜噜啊噜噜噜噜噜 · first_building Stable |
| 25:09 | 噜噜啊噜噜噜噜噜 · first_building Monastery |
[ AI ANALYSIS · 1 CREDIT ]
What really happened in this match?
Wolo.gg analyzes every decision: build order, eco, micro, common mistakes by bracket. Personalized analysis on WhatsApp or Discord in 30 seconds.
Civ guide
Persians
Map guide
Nomad
Perfil
Darob